AoeStats
← Sid

Arabia

509302997Analyzed
2v2 RM · 6d ago on Sep 26, 2026· 33m 48s· 4 players
Game mode
Random Map
Map size
Medium (4 player)
Population
200
Speed
Normal
Resources
Standard
Victory
Conquest
Starting age
Dark Age
Ending age
Imperial Age
RankedLock teamsTeams togetherTeam positionsShared explorationLock speedFull tech treeHidden civsTurbo modeCheats
Victory
Defeat
🇨🇭 Lithuanians · Switzerland
1355
+16
🇫🇷 Tatars · France
1260
+20
🇯🇵 Vikings · Japan
1364
-19
🇯🇵 Varangians · Japan
1330
-17
fumin.jp
5:08 Loom
9:29 Feudal Age
10:06 Double-Bit Axe
13:59 Fletching
22:37 Castle Age
20:56 Horse Collar
21:54 Gold Mining
22:06 Padded Archer Armor
22:07 Scale Mail Armor
23:23 Crossbowman
23:59 Bodkin Arrow
24:21 Leather Archer Armor
25:11 Pikeman
27:14 Chain Mail Armor
27:28 Bow Saw
27:18 Heavy Plow
28:00 Gold Shaft Mining
Sid
6:40 Loom
9:24 Feudal Age
9:58 Double-Bit Axe
13:07 Wheelbarrow
14:00 Horse Collar
15:06 Bloodlines
26:24 Castle Age
25:28 Gold Mining
25:44 Scale Barding Armor
25:50 Forging
27:48 Chain Barding Armor
28:03 Iron Casting
27:45 Heavy Plow
28:33 Husbandry
30:20 Bow Saw
grosgerard
7:08 Loom
10:35 Feudal Age
11:20 Double-Bit Axe
11:18 Horse Collar
18:00 Forging
19:18 Scale Barding Armor
23:25 Castle Age
21:47 Bloodlines
21:58 Fletching
22:08 Padded Archer Armor
22:14 Town Watch
22:38 Gold Mining
24:50 Husbandry
26:35 Gold Shaft Mining
25:39 Light Cavalry
28:45 Heated Shot
29:15 Ballistics
30:05 Bodkin Arrow
30:30 Leather Archer Armor
ChickenHunter
8:24 Feudal Age
6:41 Loom
9:09 Double-Bit Axe
10:01 Horse Collar
17:23 Scale Barding Armor
18:59 Bloodlines
22:12 Wheelbarrow
27:07 Castle Age
25:39 Gold Mining
27:50 Husbandry
28:11 Chain Barding Armor
28:04 Bow Saw
28:02 Heavy Plow
28:16 Forging
27:43 Light Cavalry
30:33 Iron Casting
33:42 Hand Cart
Connection lost

Rejoining the realm…

Still unreachable

The connection could not be restored.

Session expired

The server has moved on; the page needs a fresh start.